 Dungeon Crawl Stone Soup version 0.27.0-1-g7a089689b8 (webtiles) character file.

Game seed: 11320849399967595364

113 horus123 the Slasher (level 4, -2/33 HPs)
             Began as a Demonspawn Gladiator on July 31, 2021.
             Was an Initiate of Yredelemnul.
             Engulfed by a steam dragon's steam (10 damage)
             ... on level 4 of the Dungeon.
             The game lasted 00:07:53 (2848 turns).

horus123 the Slasher (Demonspawn Gladiator)         Turns: 2848, Time: 00:07:53

Health: -2/33      AC:  5    Str: 15    XL:     4   Next: 65%
Magic:  4/4        EV: 27    Int: 10    God:    Yredelemnul [......]
Gold:   124        SH:  0    Dex: 14    Spells: 2/3 levels left

rFire    . . .     SeeInvis .   a - +0 long sword
rCold    . . .     Faith    .   (no shield)
rNeg     . . .     Spirit   .   l - +0 leather armour
rPois    .         Reflect  .   c - +0 helmet
rElec    .         Harm     .   (no cloak)
rCorr    .         Rampage  .   (no gloves)
Will     .....                  n - +0 pair of boots
Stlth    +.........             k - amulet of the acrobat
HPRegen  0.11/turn              (no ring)
MPRegen  0.09/turn              (no ring)

@: acrobatic
A: hooves 1, condensation shield, demonic magic 1
a: Renounce Religion


You were on level 4 of the Dungeon.
You worshipped Yredelemnul.
Yredelemnul was noncommittal.
You visited 1 branch of the dungeon, and saw 4 of its levels.

You collected 124 gold pieces.

Inventory:

Hand Weapons
 a - a +0 long sword (weapon)
Missiles
 d - 3 throwing nets (quivered)
Armour
 c - a +0 helmet (worn)
 l - a +0 leather armour (worn)
 n - a +0 pair of boots (worn)
Jewellery
 k - an amulet of the acrobat (around neck)
Scrolls
 j - a scroll of teleportation {unknown}
 m - a scroll of identify {unknown}
 o - a scroll of vulnerability {unknown}
 p - a scroll of enchant armour {unknown}
Potions
 b - a potion of haste {unknown}
 e - a potion of lignification {unknown}
 f - a potion of cancellation {unknown}
 g - 2 potions of invisibility {unknown}
 h - a potion of brilliance {unknown}
 i - 2 potions of curing {unknown}


   Skills:
 + Level 2.2 Fighting
 + Level 3.7 Long Blades
 + Level 2.1 Throwing
 + Level 1.2 Armour
 + Level 3.4 Dodging
 + Level 0.1 Stealth
 + Level 0.1 Shields
 * Level 0.3 Invocations


You had 2 spell levels left.
You knew the following spells:

 Your Spells              Type           Power      Damage    Failure   Level
a - Magic Dart            Conj           0%         1d3       43%         1

Your spell library contained the following spells:

 Spells                   Type           Power      Damage    Failure   Level
 Call Imp                 Summ           0%         N/A       56%         2
 Searing Ray              Conj           0%         3d3       56%         2
 Mephitic Cloud           Conj/Pois/Air  0%         N/A       80%         3
 Fulminant Prism          Conj/Hex       0%         3d6       99%         4


Dungeon Overview and Level Annotations

Branches:
Dungeon (4/15)
 Temple: D:4-7

Altars:
Hepliaklqana
Yredelemnul


Innate Abilities, Weirdness & Mutations

You have large cloven feet.
A meltable shield of frost defends you. (SH +0)
Spells you cast may paralyse adjacent enemies.


Message History

The orc moves out of view.
You hear a shout!
Found 15 gold pieces.
Found a stone staircase leading down.
The steam dragon bites you. The steam dragon misses you.
The orc is engulfed in a cloud of scalding steam.
A quokka comes into view.
The steam dragon bites you but does no damage.
The steam dragon misses you.
An orc wizard comes into view. It is wielding a +0 dagger.
The orc is engulfed in a cloud of scalding steam.
The orc dies!
The steam dragon misses you. The steam dragon claws you.
The steam dragon closely misses you. The steam dragon misses you.
The quokka completely misses you.
You riposte.
You miss the quokka. The steam dragon completely misses you.
The steam dragon closely misses you. The quokka completely misses you.
The orc wizard gestures wildly while chanting.
The orc wizard flickers and vanishes!
Deactivating autopickup; reactivate with Ctrl-A.
The quokka misses you.
You riposte.
You hit the quokka but do no damage. The steam dragon breathes steam at you.
The ball of steam hits you!
* * * LOW HITPOINT WARNING * * *
The quokka closely misses you. The quokka closely misses you.
You riposte.
You barely miss the quokka.
Found a trident.
Found 20 poisoned darts and a quarterstaff.
The quokka closely misses you.
You riposte.
You hit the quokka.
The quokka is heavily wounded.
The quokka twitches its whiskers.
Found a stone staircase leading up.
You see here 20 poisoned darts.
The steam dragon breathes steam at you.
The ball of steam hits the quokka!
The quokka dies!
The ball of steam misses you.
You hear a howl!
You are engulfed in a cloud of scalding steam.
You die...
Your body rises from the dead as a mindless zombie.

####################
##.........>.§§).....
...........{D§.# #
##.....###.###§#####....
#...)..# #..##.§@§......
......<###.....§#§##..##
...............###§.
..........###.#.# #.#
#.)......## #.#..) #
##.....#># #.## #
.........# #. ##...#####
##..#


There were no monsters in sight!

Vanquished Creatures
  Jessica (D:2)
  4 adders
  2 dart slugs
  6 ball pythons
  2 endoplasms (D:1)
  2 giant cockroaches
  3 hobgoblins
  5 bats
  3 frilled lizards
  4 goblins
  7 kobolds
  12 rats
51 creatures vanquished.

Vanquished Creatures (others)
  An orc (D:4)
  A quokka (D:4)
  A withered plant (D:3)
3 creatures vanquished.

Grand Total: 54 creatures vanquished

Notes
Turn   | Place    | Note
-------+----------+-------------------------------------------
     0 | D:1      | horus123 the Demonspawn Gladiator began the quest for the
                  | Orb.
     0 | D:1      | Reached XP level 1. HP: 16/16 MP: 1/1
   398 | D:1      | Gained mutation: You have large cloven feet. [demonic
                  | ancestry]
   398 | D:1      | Reached XP level 2. HP: 19/22 MP: 2/2
  1198 | D:2      | Gained mutation: A meltable shield of frost defends you.
                  | (SH +0) [demonic ancestry]
  1198 | D:2      | Reached XP level 3. HP: 27/27 MP: 3/3
  1341 | D:2      | Noticed Jessica
  1359 | D:2      | Killed Jessica
  1360 | D:2      | Reached skill level 1 in Armour
  1484 | D:2      | Gained mutation: Spells you cast may paralyse adjacent
                  | enemies. [demonic ancestry]
  1484 | D:2      | Reached XP level 4. HP: 28/33 MP: 4/4
  1492 | D:2      | Learned a level 1 spell: Magic Dart
  1997 | D:3      | Found a basalt altar of Yredelemnul.
  2025 | D:3      | Became a worshipper of Yredelemnul the Dark
  2161 | D:3      | Found a hazy altar of Hepliaklqana.
  2587 | D:3      | Found a faded altar of an unknown god.
  2827 | D:4      | Noticed a steam dragon
  2848 | D:4      | Engulfed by a steam dragon's steam

Illustrated notes

Levels and vault maps discovered:
D:1:      evilmike_arrival_crescent, layout_loops_corners, minivault_19
D:2:      layout_rooms, uniq_jessica
D:3:      layout_basic, yredelemnul_altar_generic, old_standard_altar,
          dreamdust_ecumenical_altar_angels_and_demons,
          hangedman_decor_clover_reticule, nrook_campfire
D:4:      layout_loops_ring, uniq_sigmund

Skill      XL: |  1  2  3 |
---------------+----------+-----
Throwing       | 2 |  2.1
Long Blades    | 3 |  3.7
Dodging        | 3 |  3.4
Armour         | 1 |  1.2
Fighting       | |  2.2
Stealth        | |  0.1
Shields        | |  0.1
Invocations    | |  0.3

Action                   |  1- 3 |  4- 6 || total
-------------------------+-------+-------++-------
Melee: Long sword        |    72 |    36 ||   108
       Kick              |    13 |     7 ||    20
  Use: Scroll            |     3 |       ||     3
 Stab: Sleeping          |       |     1 ||     1
Armor: Leather armour    |     5 |     4 ||     9
       Ring mail         |    22 |     2 ||    24
Dodge: Dodged            |    31 |    44 ||    75
Block: Other             |     5 |    14 ||    19
       Rpst.: Long sword |    10 |    18 ||    28
